 Dungeon Crawl Stone Soup version 0.17.0-18-gaab0e96 (webtiles) character file.

9067 HaroldButt the Dealer of Despair (level 11, -4/83 HPs)
             Began as a Mummy Necromancer on Nov 10, 2015.
             Was an Elder of Kikubaaqudgha.
             Killed from afar by a gargoyle (13 damage)
             ... with a stone arrow
             ... on level 11 of the Dungeon on Nov 11, 2015.
             The game lasted 01:17:00 (15568 turns).

HaroldButt the Dealer of Despair (MuNe)            Turns: 15568, Time: 01:17:01

Health: -4/83      AC: 12    Str: 11    XL:     11   Next: 18%
Magic:  16/18      EV: 17    Int: 19    God:    Kikubaaqudgha [****..]
Gold:   680        SH:  0    Dex: 12    Spells: 5 memorised, 5 levels left

rFire  x . .     SeeInvis .     i - +0 dagger (elec)
rCold  + . .     Clarity  .     t - +3 leather armour
rNeg   + + +     SustAt   .     (no shield)
rPois  ∞         Gourm    .     x - +0 helmet
rElec  .         Spirit   .     n - +0 cloak
rCorr  .         Warding  .     A - +0 pair of gloves
rMut   .         Stasis   .     (no boots)
MR     +....                    (no amulet)
Stlth  +.........               D - +2 ring of evasion
                                k - +3 ring of protection

@: somewhat resistant to hostile enchantments, very unstealthy
A: no food or potions, fire vulnerability, cold resistance 1, negative energy
resistance 3, torment resistance, unbreathing
a: Receive Corpses, Renounce Religion


You were on level 11 of the Dungeon.
You worshipped Kikubaaqudgha.
Kikubaaqudgha was greatly pleased with you.
You were not hungry.

You visited 2 branches of the dungeon, and saw 12 of its levels.

You collected 680 gold pieces.

Inventory:

Hand Weapons
 i - a +0 dagger of electrocution (weapon)
 m - a +2 quarterstaff of chaos
 v - a +0 blowgun
 z - a +0 whip of electrocution
Missiles
 c - 318 stones
 d - 17 javelins (quivered)
 q - 54 poisoned needles
 L - 4 needles of sleeping
Armour
 a - a +1 robe
 n - a +0 cloak (worn)
 t - a +3 leather armour (worn)
 x - a +0 helmet (worn)
 A - a +0 pair of gloves (worn)
Jewellery
 f - an uncursed ring of protection from magic
 k - a +3 ring of protection (left hand)
 o - a +2 ring of evasion
 D - a +2 ring of evasion (right hand)
 K - an uncursed ring of magical power
 N - an uncursed amulet of stasis {unknown}
Wands
 l - a wand of paralysis (16)
 B - a wand of disintegration (21)
 H - a wand of magic darts (6)
 J - a wand of random effects (37)
 M - a wand of fireball (7)
Scrolls
 e - a scroll of recharging
 g - 9 scrolls of teleportation
 h - 6 scrolls of magic mapping
 j - a scroll of enchant armour
 p - a scroll of vulnerability
 s - a scroll of enchant weapon
 w - a scroll of brand weapon
 y - 2 scrolls of amnesia
 C - 3 scrolls of remove curse
 E - a scroll of noise {unknown}
 G - a scroll of fog {unknown}
Books
 b - a book of Necromancy

   Spells                             Type                      Level
   a - Pain                           Necromancy                   1
   b - Animate Skeleton               Necromancy                   1
   c - Vampiric Draining              Necromancy                   3
   d - Regeneration                   Charms/Necromancy            3
   e - Animate Dead                   Necromancy                   4
   f - Control Undead                 Necromancy                   4
 r - Kikubaaqudgha's Compendium of Dark Magic
   (Kikubaaqudgha gifted it to you on level 5 of the Dungeon)

   Spells                             Type                      Level
   a - Animate Skeleton               Necromancy                   1
   b - Pain                           Necromancy                   1
   c - Corpse Rot                     Necromancy                   2
   d - Vampiric Draining              Necromancy                   3
   e - Control Undead                 Necromancy                   4
 u - a book of the Dragon

   Spells                             Type                      Level
   a - Flame Tongue                   Conjuration/Fire             1
   b - Cause Fear                     Hexes                        4
   c - Bolt of Fire                   Conjuration/Fire             6
   d - Dragon Form                    Transmutation                7
   e - Dragon's Call                  Summoning                    9
 F - a book of Ice

   Spells                             Type                      Level
   a - Ice Form                       Ice/Transmutation            4
   b - Metabolic Englaciation         Hexes/Ice                    5
   c - Ozocubu's Refrigeration        Ice                          6
   d - Bolt of Cold                   Conjuration/Ice              6
   e - Freezing Cloud                 Conjuration/Ice/Air          6
   f - Simulacrum                     Ice/Necromancy               6
 I - Kikubaaqudgha's Reference Book on Dark Rituals
   (Kikubaaqudgha gifted it to you on level 9 of the Dungeon)

   Spells                             Type                      Level
   a - Excruciating Wounds            Charms/Necromancy            5
   b - Agony                          Necromancy                   5
   c - Cigotuvi's Embrace             Necromancy                   5
   d - Dispel Undead                  Necromancy                   5
   e - Death Channel                  Necromancy                   6


   Skills:
 - Level 6.4 Fighting
 + Level 7.6 Dodging
 - Level 1.5 Stealth
 - Level 5.0 Spellcasting
 + Level 5.0 Conjurations
 - Level 10.0 Necromancy
 + Level 5.0 Ice Magic


You had 5 spell levels left.
You knew the following spells:

 Your Spells              Type           Power        Failure   Level  Hunger
a - Pain                  Necr           ####         1%          1    N/A
b - Animate Skeleton      Necr           N/A          1%          1    N/A
c - Vampiric Draining     Necr           #####.....   1%          3    N/A
d - Animate Dead          Necr           N/A          2%          4    N/A
e - Bolt of Cold          Conj/Ice       ###.......   100%        6    N/A

Dungeon Overview and Level Annotations

Branches:
Dungeon (11/15)            Temple (1/1) D:5             Orc (0/4) D:10
   Lair: D:8-11

Altars:
Ashenzari
Cheibriados
Dithmenos
Elyvilon
Fedhas
Kikubaaqudgha
Makhleb
Okawaru
Qazlal
Sif Muna
Trog
Vehumet
Xom
Zin

Shops:
D:10 (

Annotations:
D:11 ololoev's ghost, journeyman HOBe


Innate Abilities, Weirdness & Mutations

You do not eat or drink.
Your flesh is vulnerable to fire.
You are immune to poison.
Your flesh is cold resistant.
You are immune to negative energy.
You are immune to unholy pain and torment.
You can survive without breathing.


Message History

Your giant frog zombie hits the gargoyle but does no damage.
You strike the helpless gargoyle from a blind spot!
You hit the gargoyle but do no damage.
The gargoyle is heavily damaged.
The gargoyle hurls a stone arrow at you.
The stone arrow misses you.
Your giant frog zombie hits the gargoyle.
You hit the gargoyle but do no damage.
The gargoyle is severely damaged.
Your giant frog zombie hits the gargoyle but does no damage.
The gargoyle hurls a stone arrow at you.
The stone arrow hits you!
* * * LOW HITPOINT WARNING * * *
You hit the gargoyle but do no damage.
The gargoyle is severely damaged.
Your giant frog zombie hits the gargoyle.
The gargoyle hurls a stone arrow at you.
The stone arrow hits you!
You die...
Kikubaaqudgha rasps: "You have failed me!
Welcome... oblivion!"

# #.#
#.##########.##############
...........................
..............9W......###..
#. ###.....#..#######.# #..
##.. ####.###.#..# #..##..
....# #......Z.#..# #..##..
#....#.##...#9#..# #...#..
#....#.######@#..# #.#####
#...........#..# #.#
#.##..#####.#..# #.#
#.#..#..#####.#..#
#...........###
####.#..###.# ...#..# #.#
### #..###.# #....#.#


You could see a gargoyle and a friendly giant frog zombie.

Vanquished Creatures
  An unseen horror (D:10)
  A hill giant (D:10)
  Pikel (D:6)
  An elephant (D:11)
  3 trolls
  A wraith (D:9)
  A yak (D:11)
  3 hippogriffs
  A slave (D:7)
  Duvessa (D:7)
  3 sky beasts
  5 ogres
  4 orc warriors
  2 phantoms
  A necrophage (D:8)
  4 ice beasts
  A big kobold (D:4)
  9 centaurs
  A wyvern zombie (D:10)
  A water moccasin zombie (D:7)
  6 giant frogs
  Dowan (D:7)
  4 scorpions
  21 killer bees
  9 wights
  A quasit (D:5)
  4 crimson imps
  2 centaur zombies
  2 hounds
  4 jellies
  Crazy Yiuf (D:3)
  7 orc priests
  4 giant frog skeletons
  3 iguanas
  6 orc wizards
  7 worker ants
  A sheep (D:11)
  7 adders
  2 worker ant zombies
  2 shadow imps
  4 worms
  11 giant geckos
  49 orcs
  2 ball pythons
  11 hobgoblins
  7 quokkas
  5 bats
  5 giant cockroaches
  A giant cockroach zombie (D:4)
  4 giant newts
  4 goblins
  11 jackals
  10 kobolds
  8 rats
271 creatures vanquished.

Vanquished Creatures (collateral kills)
  A hungry ghost (D:11)
  An ogre (D:10)
  A phantom (D:10)
  2 big kobolds
  A killer bee (D:11)
  A crimson imp (D:8)
  A hound (D:11)
  A giant frog skeleton (D:8)
  An orc priest (D:5)
  A worker ant (D:5)
  A shadow imp (D:10)
  2 worms
  5 orcs
  A hobgoblin (D:2)
  3 kobolds (D:10)
  A quokka (D:10)
  A goblin (D:2)
  A jackal (D:5)
  A rat (D:2)
27 creatures vanquished.

Vanquished Creatures (others)
  2 slaves
  An adder (D:9)
  3 orcs
  2 giant geckos (D:5)
  A fungus (D:11)
  3 plants
12 creatures vanquished.

Grand Total: 310 creatures vanquished

Notes
Turn   | Place    | Note
--------------------------------------------------------------
     0 | D:1      | HaroldButt the Mummy Necromancer began the quest for the Orb.
     0 | D:1      | Reached XP level 1. HP: 13/13 MP: 3/3
     2 | D:1      | Learned a level 1 spell: Animate Skeleton
   408 | D:1      | Reached XP level 2. HP: 19/19 MP: 0/5
  1247 | D:2      | Reached XP level 3. HP: 24/24 MP: 3/6
  1253 | D:2      | Learned a level 3 spell: Vampiric Draining
  2147 | D:2      | Reached skill level 5 in Necromancy
  2756 | D:3      | Found a blossoming altar of Fedhas.
  2766 | D:3      | Reached XP level 4. HP: 26/30 MP: 0/8
  3239 | D:3      | Noticed Crazy Yiuf
  3366 | D:3      | Killed Crazy Yiuf
  3606 | D:4      | Reached XP level 5. HP: 31/35 MP: 0/9
  3612 | D:4      | Learned a level 4 spell: Animate Dead
  3663 | D:5      | Entered Level 5 of the Dungeon
  3663 | D:5      | Found a staircase to the Ecumenical Temple.
  3680 | D:5      | Found an iron altar of Okawaru.
  3682 | Temple   | Entered the Ecumenical Temple
  3702 | Temple   | Became a worshipper of Kikubaaqudgha
  3737 | D:5      | Reached skill level 6 in Necromancy
  3801 | D:5      | Noticed a sky beast
  3839 | D:5      | Noticed an ogre
  3895 | D:4      | Killed a sky beast
  3895 | D:4      | Reached XP level 6. HP: 26/41 MP: 0/11
  4307 | D:4      | Noticed Grinder
  4336 | D:4      | Noticed Grinder
  4336 | D:4      | Grinder changed into Grinder the crimson imp
  4362 | D:4      | Killed Grinder the crimson imp
  4534 | D:4      | Noticed a big kobold
  4548 | D:4      | Killed a big kobold
  4548 | D:4      | Reached skill level 7 in Necromancy
  4897 | D:4      | Reached XP level 7. HP: 42/46 MP: 5/13
  5454 | D:5      | Killed an ogre
  5454 | D:5      | Reached skill level 8 in Necromancy
  5482 | D:5      | Reached * piety under Kikubaaqudgha
  5482 | D:5      | Received a gift from Kikubaaqudgha
  5486 | D:5      | Identified Kikubaaqudgha's Compendium of Dark Magic (Kikubaaqudgha gifted it to you on level 5 of the Dungeon)
  5498 | D:5      | Noticed a sky beast
  5511 | D:5      | Killed a sky beast
  5691 | D:5      | Noticed a sky beast
  5712 | D:5      | Killed a sky beast
  5784 | D:5      | Noticed an ogre
  5797 | D:5      | Killed an ogre
  5797 | D:5      | Reached skill level 5 in Spellcasting
  5797 | D:5      | Reached XP level 8. HP: 52/52 MP: 7/15
  5924 | D:5      | Found a shimmering altar of Xom.
  5972 | D:5      | Reached skill level 9 in Necromancy
  6021 | D:5      | Found a white marble altar of Elyvilon.
  6210 | D:5      | Noticed an ice beast
  6216 | D:5      | Killed an ice beast
  6700 | D:5      | Found a burning altar of Makhleb.
  6869 | D:6      | Reached skill level 10 in Necromancy
  6948 | D:6      | Reached skill level 1 in Fighting
  7337 | D:7      | Noticed Pikel
  7360 | D:7      | Noticed Duvessa
  7436 | D:6      | Killed Pikel
  7436 | D:6      | Reached XP level 9. HP: 35/65 MP: 1/16
  7598 | D:7      | Noticed Dowan
  7619 | D:7      | Killed Dowan
  7658 | D:7      | Killed Duvessa
  7827 | D:7      | Your ally Duvessa died
  7876 | D:7      | Found a blossoming altar of Fedhas.
  8200 | D:7      | Found a radiant altar of Vehumet.
  8258 | D:7      | Found a shadowy altar of Dithmenos.
  8478 | D:7      | Reached skill level 5 in Fighting
  8522 | D:7      | Upgraded the game from 0.17.0-15-g6d90897 to 0.17.0-18-gaab0e96
  8805 | D:8      | Reached skill level 5 in Dodging
  8838 | D:8      | Reached ** piety under Kikubaaqudgha
  9535 | D:8      | Learned a level 6 spell: Bolt of Cold
  9882 | D:8      | Reached skill level 1 in Ice Magic
  9902 | D:8      | Reached skill level 1 in Conjurations
 10424 | D:9      | Reached XP level 10. HP: 70/77 MP: 1/17
 10576 | D:9      | Reached *** piety under Kikubaaqudgha
 10576 | D:9      | Received a gift from Kikubaaqudgha
 10590 | D:9      | Identified Kikubaaqudgha's Reference Book on Dark Rituals (Kikubaaqudgha gifted it to you on level 9 of the Dungeon)
 11037 | D:9      | Found a snail-covered altar of Cheibriados.
 11302 | D:10     | Entered Level 10 of the Dungeon
 11557 | D:10     | Noticed a hill giant
 11566 | D:10     | Killed a hill giant
 11724 | D:10     | Found Biut's Weapon Emporium.
 11724 | D:10     | Found a staircase to the Orcish Mines.
 12368 | D:10     | Killed an unseen horror
 13622 | D:11     | Noticed ololoev's ghost (journeyman HOBe)
 14879 | D:11     | Reached XP level 11. HP: 64/83 MP: 10/18
 14925 | D:11     | Reached **** piety under Kikubaaqudgha
 15165 | D:11     | Noticed an elephant
 15219 | D:11     | Killed an elephant
 15524 | D:11     | Reached skill level 5 in Conjurations
 15524 | D:11     | Reached skill level 5 in Ice Magic
 15568 | D:11     | Killed from afar by a gargoyle

Action                   |  1- 3 |  4- 6 |  7- 9 | 10-12 || total
-------------------------+-------+-------+-------+-------++-------
Melee: Dagger            |    30 |     7 |   267 |   488 ||   792
       Quarterstaff      |       |    46 |    19 |       ||    65
 Cast: Pain              |   116 |   105 |   177 |    81 ||   479
       Animate Skeleton  |    11 |    10 |    14 |     3 ||    38
       Vampiric Draining |       |     4 |    23 |    30 ||    57
       Animate Dead      |       |     1 |    15 |    24 ||    40
Invok: Receive Corpses   |       |       |       |     2 ||     2
  Use: Scroll            |       |     6 |     5 |     2 ||    13
 Stab: Paralysed         |       |     2 |       |       ||     2
       Sleeping          |       |       |     3 |     1 ||     4
       Distracted        |       |       |       |     2 ||     2
